 Dungeon Crawl Stone Soup version 0.29.0-5-ge4962eb29e (webtiles) character file.

Game seed: 7945383437302801113

82 Arcadio the Stinger (level 4, -4/30 HPs)
             Began as a Merfolk Venom Mage on Aug 29, 2022.
             Slain by a goblin
             ... wielding a +0 club
             ... led by Robin
              (6 damage)
             ... on level 2 of the Dungeon.
             The game lasted 00:04:46 (2165 turns).

Arcadio the Stinger (Merfolk Venom Mage)            Turns: 2165, Time: 00:04:46

Health: -4/30      AC:  2    Str:  8    XL:     4   Next: 43%
Magic:  3/8        EV: 13    Int: 16    God:
Gold:   139        SH:  0    Dex: 14    Spells: 5/8 levels left

rFire   . . .      SeeInvis .   j - +0 flail
rCold   . . .      Faith    .   (no shield)
rNeg    . . .      Spirit   .   a - +0 robe
rPois   .          Reflect  .   (no helmet)
rElec   .          Harm     .   (no cloak)
rCorr   .          Rampage  .   (no gloves)
Will    .....                   (no boots)
Stlth   ++........              (no amulet)
HPRegen 0.10/turn               (no ring)
MPRegen 0.11/turn               (no ring)

@: no status effects
A: (nimble swimmer 2), mertail
a: no special abilities


You were on level 2 of the Dungeon.
You visited 1 branch of the dungeon, and saw 2 of its levels.

You collected 139 gold pieces.

Inventory:

Hand Weapons
 d - a +0 hand axe
 e - a +3 sling
 j - a +0 flail (weapon)
Missiles
 k - a throwing net
Armour
 a - a +0 robe (worn)
Scrolls
 c - 2 scrolls of identify {unknown}
 f - a scroll of acquirement {unknown}
 g - 2 scrolls of teleportation {unknown}
 h - a scroll of blinking {unknown}
Potions
 b - 2 potions of magic
 i - a potion of mutation {unknown}
 l - a potion of curing {unknown}


   Skills:
 + Level 4.1 Dodging
 - Level 2.1 Stealth
 + Level 2.9 Spellcasting
 - Level 1.3 Transmutations
 + Level 4.1 Poison Magic


You had 5 spell levels left.
You knew the following spells:

 Your Spells              Type           Power      Damage    Failure   Level
a - Sting                 Tmut/Pois      44%        1d5       6%          1
b - Poisonous Vapours     Pois/Air       18%        N/A       12%         2

Your spell library contained the following spells:

 Spells                   Type           Power      Damage    Failure   Level
 Mephitic Cloud           Conj/Pois/Air  6%         N/A       32%         3
 Olgreb's Toxic Radiance  Pois           15%        N/A       34%         4
 Gell's Gravitas          Tloc           2%         N/A       50%         3
 Lesser Beckoning         Tloc           2%         N/A       50%         3
 Teleport Other           Tloc           2%         N/A       50%         3
 Conjure Ball Lightning   Conj/Air       1%         3x3d6     100%        6
 Discord                  Hex            1%         N/A       100%        8
 Disjunction              Tloc           1%         N/A       100%        8


Dungeon Overview and Level Annotations

Branches:
Dungeon (2/15) Zot: 9798

Altars:

Annotations:
D:2 Robin


Innate Abilities, Weirdness & Mutations

((You are very nimble when in or above water. (Stealth+, EV+, Speed+++)))
Your lower body shifts to a powerful aquatic tail in water.


Message History

You barely miss the goblin.
The hobgoblin no longer looks unusually strong.
The goblin barely misses you.
You closely miss the goblin.
The goblin no longer looks unusually strong.
The goblin misses you.
You hit the goblin but do no damage. The goblin closely misses you.
The goblin hits you with a +0 club.
You hit the goblin.
You kill the goblin!
You sock the goblin!
You kill the goblin!
You closely miss the hobgoblin. The hobgoblin barely misses you.
You hit the hobgoblin.
The hobgoblin is severely wounded.
The hobgoblin completely misses you.
You barely miss the hobgoblin.
The hobgoblin is severely wounded.
The hobgoblin hits you but does no damage.
Robin roars a battlecry!
The goblins go into a battle-frenzy!
The hobgoblin closely misses you.
Casting: Poisonous Vapours (safe; 12% risk of failure)
Confirm with . or Enter, or press ? or * to list all spells.
Aiming: Poisonous Vapours (safe; 12% risk of failure)
Press: ? - help, Dir - move target, f/p - Robin
Aim: Robin, wielding a +0 spear, wearing a +0 animal skin and wearing a +0 helmet (heavily wounded) Poisonous vapours surround Robin!
Robin is poisoned.
The hobgoblin hits you.
* * * LOW HITPOINT WARNING * * *
You hit the hobgoblin but do no damage.
The hobgoblin is severely wounded.
Robin throws the goblin at you! The hobgoblin hits you.
* * * LOW HITPOINT WARNING * * *
The goblin closely misses you.
You closely miss the goblin.
The hobgoblin hits you but does no damage.
The goblin hits you with a +0 club.
* * * LOW HITPOINT WARNING * * *
The goblin hits you with a +0 club.
You die...

###########
#.........#
#.#######.#
##### #.#
#.# .....
#.#
#.########
..... #g#
#.........
..... #@#
#########.
..... #g#
.........
..... #g#
########.
.....
....g..g#
#. #.###
...gg####
#. ..# ....
#. ### .##
#. #.######
#.#.....


You could see Robin (poisoned), a hobgoblin (strong) and 2 goblins.

Vanquished Creatures
  Terence (D:2)
  2 dart slugs (D:1)
  5 endoplasms (D:1)
  8 goblins
  8 hobgoblins
  4 jackals (D:1)
  A quokka (D:1)
  3 ball pythons
  4 bats
  7 frilled lizards
  7 kobolds
  A rat (D:2)
51 creatures vanquished.

Notes
Turn   | Place    | Note
-------+----------+-------------------------------------------
     0 | D:1      | Arcadio the Merfolk Venom Mage began the quest for the Orb.
     0 | D:1      | Reached XP level 1. HP: 13/13 MP: 3/3
   288 | D:1      | Reached XP level 2. HP: 19/19 MP: 1/5
   749 | D:1      | Reached XP level 3. HP: 19/24 MP: 2/6
  1189 | D:1      | Learned a level 2 spell: Poisonous Vapours
  1742 | D:2      | Noticed Terence
  1757 | D:2      | Killed Terence
  1758 | D:2      | Reached XP level 4. HP: 15/30 MP: 0/8
  1906 | D:2      | Found a faded altar of an unknown god.
  2125 | D:2      | Noticed Robin
  2165 | D:2      | Slain by a goblin

Illustrated notes

Levels and vault maps discovered:
D:1:      minmay_arrival_semitransparent, layout_rooms, hex_tiny,
          minmay_tetromino_s2
D:2:      layout_basic, hellmonk_ecumenical_altar_heavens_door, uniq_terence,
          uniq_robin

Skill      XL: |  1  2  3 |
---------------+----------+-----
Dodging        | 3 4 |  4.1
Poison Magic   | 4 |  4.1
Stealth        | |  2.1
Spellcasting   | |  2.9
Transmutations | |  1.3

Action                   |  1- 3 |  4- 6 || total
-------------------------+-------+-------++-------
Melee: Hand axe          |    58 |       ||    58
       Punch             |     1 |       ||     1
       Flail             |       |    42 ||    42
 Fire: Sling             |     9 |       ||     9
 Cast: Sting             |    37 |       ||    37
       Poisonous Vapours |     3 |     8 ||    11
 Stab: Sleeping          |       |     1 ||     1
Armor: Robe              |     8 |     7 ||    15
Dodge: Dodged            |    70 |    29 ||    99
